 Dungeon Crawl Stone Soup version 0.23-a0-408-g9d4b7edeb2 (console) character file.

14468 Gottschkopf the Fighter (level 11, -1/156 HPs)
             Began as a Grey Draconian Berserker on Nov 8, 2018.
             Was the Champion of Trog.
             Slain by a tyrant leech (22 damage)
             ... on level 1 of the Swamp.
             The game lasted 00:35:48 (9782 turns).

Gottschkopf the Fighter (Grey Draconian Berserker)  Turns: 9782, Time: 00:35:48

Health: -1/156     AC: 25    Str: 22    XL:     11   Next: 89%
Magic:  11/11      EV:  2    Int:  9    God:    Trog [******]
Gold:   729        SH: 18    Dex: 15    Spells: 10/10 levels left

rFire    . . .     SeeInvis .   q - +4 war axe (flame)
rCold    . . .     Gourm    .   y - +0 large shield
rNeg     + + +     Faith    .   (armour unavailable)
rPois    +         Spirit   .   (helmet currently unavailable)
rElec    .         Reflect  .   (cloak currently unavailable)
rCorr    .         Harm     +   (gloves currently unavailable)
MR       .....     NoTele   +   (boots currently unavailable)
Stlth    +.........             p - amulet of harm
HPRegen  0.76/turn              r - +5 ring of slaying
MPRegen  0.12/turn              n - +3 ring of dexterity

@: tree-form, berserk cooldown, starving, slowed, very slow
A: (walk through water), unfitting armour, agile 1, sense surroundings 1,
regeneration 1, AC +12
a: Berserk, Trog's Hand, Brothers in Arms, Renounce Religion


You were on level 1 of the Swamp.
You worshipped Trog.
Trog was exalted by your worship.
You were starving.
You were a tree.
You visited 4 branches of the dungeon, and saw 14 of its levels.

You collected 777 gold pieces.
You spent 48 gold pieces at shops.

Inventory:

Hand Weapons
 q - a +4 war axe of flaming (weapon)
 H - a +3 dire flail of freezing
 K - a +5 trident of venom
 M - the +3 whip "Datalim" {vamp, +Inv rN+ MR+ Str-2}
   (You found it on level 7 of the Dungeon)

   It inflicts no extra harm, but heals its wielder when it wounds a living foe.
   It affects your strength (-2).
   It protects you from negative energy.
   It affects your resistance to hostile enchantments.
   It lets you turn invisible.
 N - a +0 broad axe of electrocution
Armour
 e - a +0 pair of gloves (melded)
 o - a +0 pair of boots (melded)
 v - a +0 cloak (melded)
 y - a +0 large shield (worn)
Jewellery
 d - an uncursed ring of ice
 m - an uncursed ring of magical power
 n - a +3 ring of dexterity (right branch)
 p - an amulet of harm (around neck)
 r - a +5 ring of slaying (left branch)
 w - an uncursed amulet of guardian spirit
 C - an uncursed ring of wizardry
 W - an uncursed ring of magical power
Wands
 F - a wand of iceblast (8)
 I - a wand of flame (6)
 P - a wand of digging (7)
 X - a wand of enslavement (13)
Scrolls
 a - 3 scrolls of noise {unknown}
 c - 3 scrolls of fog
 h - 6 scrolls of teleportation {unknown}
 j - 3 scrolls of fear {unknown}
 k - 9 scrolls of remove curse
 s - 4 scrolls of enchant armour {unknown}
 x - 2 scrolls of brand weapon {unknown}
 B - a scroll of random uselessness {unknown}
 J - a scroll of magic mapping {unknown}
 O - a scroll of enchant weapon {unknown}
 Q - a scroll of blinking {unknown}
 S - a scroll of amnesia {unknown}
 T - a scroll of torment {unknown}
Potions
 f - a potion of mutation
 g - 2 potions of might
 i - 2 potions of flight
 l - 4 potions of brilliance
 t - 2 potions of magic
 u - 2 potions of lignification
 z - a potion of degeneration {unknown}
 A - 3 potions of heal wounds {unknown}
 D - a potion of agility {unknown}
 E - a potion of invisibility {unknown}
 L - 3 potions of curing {unknown}
 U - a potion of berserk rage {unknown}
Miscellaneous
 R - a fan of gales
 V - a phantom mirror
Comestibles
 b - 23 rations


   Skills:
 + Level 11.8 Fighting
 - Level 8.1(8.5) Axes
 - Level 3.2(6.1) Maces & Flails
 - Level 7.6 Dodging
 + Level 11.6 Shields


You had 10 spell levels left.
You didn't know any spells.
Your spell library contained the following spells:

 Spells                   Type           Power        Failure   Level  Hunger
 Animate Skeleton         Necr           N/A          92%         1    ##.....
 Apportation              Tloc           #.....       92%         1    ##.....
 Confusing Touch          Hex            #.....       92%         1    ##.....
 Summon Small Mammal      Summ           #...         92%         1    ##.....


Dungeon Overview and Level Annotations

Branches:
Dungeon (10/15)            Temple (1/1) D:5            Lair (2/6) D:10
  Swamp (1/4) Lair:2
  Snake: Lair:2-4    Spider: Lair:2-4       Orc: D:9-12

Altars:
Kikubaaqudgha
Yredelemnul

Shops:
D:10 *


Innate Abilities, Weirdness & Mutations

((You can walk through water.))
((Your dull iron-grey scales are very hard. (AC +12)))
You cannot fit into any form of body armour.
((You can survive without breathing.))
((You are cold-blooded and may be slowed by cold attacks.))
You are agile. (Dex +2)
You passively map a small area around you.
Your natural rate of healing is unusually fast.


Message History

The insubstantial wisp barely misses you.
The tyrant leech bites you.
* * * LOW HITPOINT WARNING * * *
The tyrant leech draws strength from your injuries!
The insubstantial wisp completely misses you.
You turn into a tree.
Your +0 cloak melds into your body.
Your +0 pair of gloves melds into your body.
Your +0 pair of boots melds into your body.
Your roots penetrate the ground.
You feel less invigorated.
You feel less confused.
The tyrant leech bites you but does no damage.
You block the insubstantial wisp's attack.
You block the tyrant leech's attack.
Your shield prevents you from hitting the insubstantial wisp.
The insubstantial wisp is moderately damaged.
You slash the tyrant leech! You burn the tyrant leech.
The insubstantial wisp hits you.
* * * LOW HITPOINT WARNING * * *
The insubstantial wisp blinks!
The tyrant leech bites you!!
You die...

* .≈ . ,, ♣
≈≈.♣♣♣ ≈ ♣.
.≈≈≈♣♣♣ ,
***♣≈♣♣≈....♣ ,
≈, * ♣≈..♣.≈.♣♣♣
≈ **♣≈≈≈.≈≈...♣♣
* , * ≈ ≈
♣♣≈≈≈≈<..≈.§♣♣♣ ,
♣≈.≈≈.....≈≈≈.≈ ≈
,
*♣≈♣..†.§♣w.≈≈..≈
♣....≈≈≈..≈≈...
*♣≈♣♣.†≈≈≈≈≈≈..♣♣
≈ ≈, .
♣♣..≈≈≈≈≈≈.≈♣ , ≈
♣..v≈≈≈≈≈≈.. , *
,..≈...≈≈≈≈≈≈ **
≈*...♣≈≈♣≈...≈≈ ≈
, *
*♣♣.....≈≈....≈ ,
,,,≈.. .......


You could see a tyrant leech and an insubstantial wisp.

Vanquished Creatures
  A hydra (Swamp:1)
  2 alligators (Swamp:1)
  An ugly thing (D:8)
  An oklob plant (Lair:2)
  3 spiny frogs
  A gargoyle (D:10)
  6 komodo dragons
  Grinder (D:4)
  2 wyverns
  4 yaks (Lair:1)
  A wraith (D:10)
  A swamp worm (Swamp:1)
  6 water moccasins
  Menkaure (D:5)
  4 insubstantial wisps
  3 orc warriors
  9 sky beasts
  3 porcupines
  3 black bears
  A phantom (D:4)
  3 ice beasts
  5 ogres
  4 wolves (Lair:2)
  3 centaurs
  4 crocodiles
  Blork the orc (D:5)
  A gnoll sergeant (D:7)
  6 bullfrogs
  2 scorpions
  6 killer bees
  8 wights
  3 howler monkeys (D:9)
  5 crimson imps
  A centaur zombie (D:9)
  2 bullfrog zombies (D:9)
  A jelly (D:7)
  2 quasits
  A bullfrog skeleton (D:5)
  5 orc priests
  3 gnoll shamans (D:6)
  6 hounds
  3 iguanas
  10 orc wizards
  3 centaur skeletons (D:9)
  Ijyb (D:5)
  5 worker ants
  44 gnolls
  5 adders
  A shadow imp (D:6)
  2 adder skeletons
  An adder zombie (D:6)
  2 worms
  9 dart slugs
  3 leopard geckos
  55 orcs
  5 giant cockroaches
  10 goblins
  7 hobgoblins
  28 jackals
  5 quokkas
  2 ball pythons
  12 bats
  8 frilled lizards
  2 gnoll zombies (D:3)
  3 kobolds
  6 rats
  3 fungi (D:10)
  6 plants
367 creatures vanquished.

Vanquished Creatures (others)
  A fungus (Lair:1)
  A plant (D:6)
2 creatures vanquished.

Grand Total: 369 creatures vanquished

Notes
Turn   | Place    | Note
-------+----------+-------------------------------------------
     0 | D:1      | Gottschkopf the Draconian Berserker began the quest for the
                  | Orb.
     0 | D:1      | Reached XP level 1. HP: 19/19 MP: 1/1
    55 | D:1      | Reached XP level 2. HP: 19/26 MP: 2/2
   227 | D:1      | Reached ** piety under Trog
   227 | D:1      | Reached XP level 3. HP: 14/33 MP: 3/3
   865 | D:2      | Reached skill level 5 in Fighting
   866 | D:2      | Reached XP level 4. HP: 26/42 MP: 4/4
  1320 | D:2      | Reached XP level 5. HP: 50/50 MP: 5/5
  1876 | D:3      | Reached *** piety under Trog
  2204 | D:3      | Found a basalt altar of Yredelemnul.
  2387 | D:4      | Noticed Grinder
  2463 | D:4      | Reached XP level 6. HP: 54/60 MP: 6/6
  2627 | D:4      | Reached skill level 1 in Shields
  2796 | D:4      | Killed Grinder
  2796 | D:4      | Your scales start taking on a dull iron-grey colour.
  2796 | D:4      | Reached XP level 7. HP: 68/68 MP: 7/7
  2796 | D:4      | Gained mutation: You can survive without breathing. [Grey
                  | Draconian growth]
  3024 | D:5      | Entered Level 5 of the Dungeon
  3065 | D:5      | Noticed Blork the orc
  3072 | D:5      | Killed Blork the orc
  3072 | D:5      | Reached **** piety under Trog
  3072 | D:5      | Reached skill level 1 in Axes
  3268 | D:5      | Noticed Ijyb
  3276 | D:5      | Killed Ijyb
  3279 | D:5      | Reached XP level 8. HP: 74/75 MP: 8/8
  3537 | D:5      | Reached skill level 5 in Shields
  3566 | D:5      | Found a staircase to the Ecumenical Temple.
  3568 | D:5      | Reached skill level 5 in Axes
  3573 | Temple   | Entered the Ecumenical Temple
  3595 | D:5      | Noticed Menkaure
  3599 | D:5      | Killed Menkaure
  4002 | D:6      | Reached XP level 9. HP: 82/82 MP: 9/9
  4064 | D:6      | Reached ***** piety under Trog
  4680 | D:6      | Gained mutation: Your natural rate of healing is unusually
                  | fast. [potion of mutation]
  4680 | D:6      | Gained mutation: You passively map a small area around you.
                  | [potion of mutation]
  4680 | D:6      | Gained mutation: You are agile. (Dex +2) [potion of
                  | mutation]
  5603 | D:7      | Got a slimy whip
  5606 | D:7      | Identified the +3 whip "Datalim" {vamp, +Inv rN+ MR+ Str-2}
                  | (You found it on level 7 of the Dungeon)
  5656 | D:8      | Noticed a green ugly thing
  5660 | D:8      | Killed a green ugly thing
  5660 | D:8      | Received a gift from Trog
  5660 | D:8      | Reached skill level 5 in Dodging
  5691 | D:8      | Reached XP level 10. HP: 89/90 MP: 10/10
  6772 | D:9      | Reached ****** piety under Trog
  7359 | D:10     | Entered Level 10 of the Dungeon
  7380 | D:10     | Noticed a gargoyle
  7388 | D:10     | Killed a gargoyle
  7482 | D:10     | Found Qanoic's Changing Room.
  7491 | D:10     | Bought a potion of lignification for 48 gold pieces
  8008 | D:10     | Found a staircase to the Lair.
  8021 | Lair:1   | Entered Level 1 of the Lair of Beasts
  8071 | Lair:1   | Noticed a spiny frog
  8077 | Lair:1   | Killed a spiny frog
  8077 | Lair:1   | Reached XP level 11. HP: 97/97 MP: 11/11
  8297 | Lair:1   | Reached skill level 10 in Shields
  8668 | Lair:1   | Reached skill level 10 in Fighting
  9030 | Lair:2   | Noticed an oklob plant
  9043 | Lair:2   | Killed an oklob plant
  9146 | Lair:2   | Received a gift from Trog
  9158 | Lair:2   | Found a staircase to the Swamp.
  9755 | Swamp:1  | Entered Level 1 of the Swamp
  9756 | Swamp:1  | Noticed an alligator
  9757 | Swamp:1  | Noticed a seven-headed hydra
  9758 | Swamp:1  | Noticed an alligator
  9767 | Swamp:1  | Killed an alligator
  9769 | Swamp:1  | Killed a four-headed hydra
  9772 | Swamp:1  | Killed an alligator
  9778 | Swamp:1  | HP: 4/104 [tyrant leech (34)]
  9782 | Swamp:1  | Slain by a tyrant leech

Vault maps used:
D:1:      saegor_arrival_simple_a, minmay_distorted
D:3:      lemuel_zombie_altar_yredelemnul, first_ration, lightli_corner_chamber
D:4:      uniq_grinder
D:5:      temple_doors_ab, uniq_menkaure, uniq_ijyb, uniq_blork_the_orc
D:6:      lemuel_castle_with_subvaults, serial_bayou_lagoon_a, kb_rosetta
D:8:      special_room
D:10:     grunt_lair_entry_orc_guard_hut, nicolae_transmutations_shop
Temple:   regret_index_temple_sigil_plot
Lair:1:   grunt_megastairs_3, infiniplex_staircase_pool_2
Lair:2:   swamp_mist_pool, beast_lair_carwin_5, lemuel_fruit_fields,
          minmay_lair_oklob_chamber, grunt_megastairs_4, lemuel_fruit_tree,
          lemuel_fruit_fields
Swamp:1:  gammafunk_ghost_arena, evilmike_swamp_ruin_house_1, swamp_pool3,
          nicolae_swamp_dense_foliage

Skill      XL: |  1  2  3  4  5  6  7  8  9 10 11 |
---------------+----------------------------------+-----
Fighting       | 4 5 6 7 8 9 11 | 11.8
Shields        | 3 4 6 7 9 11 | 11.6
Axes           | 2 6 8 |  8.1
Dodging        | 5 7 |  7.6
Maces & Flails | |  3.2

Action                   |  1- 3 |  4- 6 |  7- 9 | 10-12 || total
-------------------------+-------+-------+-------+-------++-------
Melee: Mace              |   104 |    38 |       |       ||   142
       Tailslap          |     9 |    12 |    29 |    53 ||   103
       War axe           |       |    76 |   214 |   165 ||   455
       Long sword        |       |       |     2 |       ||     2
       Broad axe         |       |       |     2 |   119 ||   121
Invok: Berserk           |     2 |     1 |     1 |     2 ||     6
  Use: Potion            |     1 |       |     1 |     2 ||     4
       Scroll            |       |     1 |     5 |     1 ||     7
 Stab: Distracted        |       |     1 |       |       ||     1
       Sleeping          |       |     4 |       |     2 ||     6
  Eat: Chunk             |     1 |     8 |    10 |     8 ||    27
       Ration            |       |       |     2 |     1 ||     3
Armor: Skin              |    27 |    55 |    65 |    60 ||   207
Dodge: Dodged            |    94 |    92 |    65 |    89 ||   340
Block: Large shield      |       |    10 |   178 |   219 ||   407

Table legend:
 A = Non-vault XP
 B = Vault XP
 C = Vault XP percentage of total XP
 D = Non-vault monster count
 E = Vault monster count
 F = Vault count percentage of total count
                 A         B        C        D         E       F
            +---------+---------+-------+---------+---------+-------
      Total |   15757 |    4912 |  23.8 |     259 |      99 |  27.7
            +---------+---------+-------+---------+---------+-------
        D:1 |      57 |       3 |   5.0 |      31 |       2 |   6.1
        D:2 |     139 |       0 |   0.0 |      21 |       0 |   0.0
        D:3 |     155 |       2 |   1.3 |      29 |       2 |   6.5
        D:4 |     444 |     277 |  38.4 |      17 |       1 |   5.6
        D:5 |     899 |     287 |  24.2 |      17 |       3 |  15.0
        D:6 |     943 |     867 |  47.9 |      22 |      52 |  70.3
        D:7 |     715 |       0 |   0.0 |      24 |       0 |   0.0
        D:8 |    1481 |     225 |  13.2 |      22 |      24 |  52.2
        D:9 |    1559 |       0 |   0.0 |      32 |       0 |   0.0
       D:10 |    1904 |     631 |  24.9 |      17 |       5 |  22.7
     Lair:1 |    2141 |     908 |  29.8 |      11 |       3 |  21.4
     Lair:2 |    1947 |    1712 |  46.8 |       9 |       7 |  43.8
    Swamp:1 |    3373 |       0 |   0.0 |       7 |       0 |   0.0
            +---------+---------+-------+---------+---------+-------
